 Dungeon Crawl Stone Soup version 0.26-a0-651-gb41185065b (webtiles) character file.

Game seed: 11371619018965959191

(classic levelgen) 1514 EnegeticOcto the Cleaver (level 8, 22/68 HPs)
             Began as a Deep Dwarf Delver on Oct 24, 2020.
             Was an Initiate of Ru.
             Quit the game on level 8 of the Dungeon.
             The game lasted 00:05:25 (971 turns).

EnegeticOcto the Cleaver (Deep Dwarf Delver)         Turns: 971, Time: 00:05:25

Health: 22/68      AC: 10    Str: 17    XL:     8   Next: 53%
Magic:  8/8        EV:  5    Int: 12    God:    Ru [......]
Gold:   20         SH:  0    Dex: 20    Spells: 14/14 levels left

rFire    . . .     SeeInvis +   v - +1 morningstar (venom)
rCold    . . .     Faith    .   (no shield)
rNeg     . . .     Spirit   .   o - +0 plate armour (curse)
rPois    .         Reflect  .   (no helmet)
rElec    .         Harm     .   (no cloak)
rCorr    .         Rampage  .   (no gloves)
MR       +....                  (no boots)
Stlth    ..........             (no amulet)
HPRegen  0.00/turn              j - ring of see invisible
MPRegen  0.11/turn              m - +6 ring of dexterity

@: non-regenerating
A: damage resistance, heal wounds, sense surroundings 1, no regeneration
a: Heal Wounds, Renounce Religion


You were on level 8 of the Dungeon.
You worshipped Ru.
Ru was noncommittal.
You visited 2 branches of the dungeon, and saw 6 of its levels.
You also visited: Bailey.

You collected 20 gold pieces.

Inventory:

Hand Weapons
 a - a +1 hand axe
 n - a +2 vorpal flail
 t - a +0 war axe
 v - a +1 morningstar of venom (weapon)
Missiles
 d - a throwing net
 p - 12 poisoned darts (quivered)
Armour
 b - a +1 leather armour
 o - a cursed +0 plate armour (worn)
Jewellery
 j - a ring of see invisible (left hand)
 m - a +6 ring of dexterity (right hand)
Wands
 g - a wand of digging (3) {@v3}
Scrolls
 c - a scroll of fog
 e - a scroll of fear
 k - 3 scrolls of enchant weapon
 q - a scroll of enchant armour
 s - a scroll of teleportation {unknown}
Potions
 f - 2 potions of haste {@q4}
 h - a potion of heal wounds {unknown}
 i - a potion of resistance {unknown}
 l - a potion of invisibility {unknown}
 r - 2 potions of flight
Miscellaneous
 u - a lightning rod (1/4)


   Skills:
 - Level 2.6 Fighting
 * Level 10.7 Axes
 - Level 2.1 Dodging
 - Level 6.0 Stealth
 + Level 3.5 Spellcasting


You had 14 spell levels left.
You didn't know any spells.
Your spell library was empty.

Dungeon Overview and Level Annotations

Branches:
Dungeon (8/15)             Temple (1/1) D:7          Bailey (visited)
   Lair: D:8-11

Altars:
Ashenzari
Dithmenos
Fedhas
Hepliaklqana
Makhleb
Okawaru
Ru
Wu Jian
Xom
The Shining One


Innate Abilities, Weirdness & Mutations

You are resistant to damage.
You can heal yourself by infusing magical energy.
You passively map a small area around you.
You do not regenerate.


Message History

The wolf barely misses you.
The wolf bites you but does no damage. x2
Found 17 gold pieces.
You closely miss the phantom.
The phantom is lightly damaged.
The wolf bites you. The phantom hits you.
The phantom blinks!
The wolf bites you.
You miss the wolf. The wolf bites you. The wolf barely misses you.
You sock the wolf!
The wolf is poisoned.
The wolf is heavily wounded.
The wolf bites you but does no damage.
The phantom blinks!
The wolf bites you but does no damage.
You closely miss the wolf.
The wolf is heavily wounded.
The wolf barely misses you. The wolf bites you but does no damage.
You miss the wolf.
The wolf is heavily wounded.
The wolf completely misses you. The wolf bites you!
You closely miss the wolf.
The wolf is heavily wounded.
The wolf bites you. The wolf bites you!
You are too injured to fight recklessly!
You are too injured to fight recklessly!
You are too injured to fight recklessly!
You are too injured to fight recklessly!
You are too injured to fight recklessly!
You are too injured to fight recklessly!
You are too injured to fight recklessly!
You are too injured to fight recklessly!
You are too injured to fight recklessly!
You are too injured to fight recklessly!
You are too injured to fight recklessly!
You are too injured to fight recklessly!
You are too injured to fight recklessly!
You are too injured to fight recklessly!
You are too injured to fight recklessly!
You are too injured to fight recklessly!
You are too injured to fight recklessly!
You are too injured to fight recklessly!
You hit the wolf.
The wolf looks as sick as possible!
The wolf is severely wounded.
The wolf bites you but does no damage. x2
You hit the wolf.
The wolf looks as sick as possible!
The wolf is almost dead.
You kill the wolf!
You closely miss the phantom.
The phantom is lightly damaged.
The phantom hits you. The phantom barely misses you.
You hit the phantom.
The phantom is lightly damaged.
The phantom completely misses you.
You barely miss the phantom.
The phantom is lightly damaged.
The phantom hits you but does no damage.
You closely miss the phantom.
The phantom is lightly damaged.
The phantom hits you.
You feel much better.
The phantom blinks!
A centaur and a skeleton come into view.
The phantom blinks!
The centaur wields a +0 shortbow.
The centaur shoots an arrow.
The arrow hits you!
You see here an arrow.
The centaur shoots an arrow.
The arrow hits you but does no damage. The adder skeleton closely misses you.
You see here an arrow.
The centaur unwields a +0 shortbow.
The centaur hits you but does no damage.
The adder skeleton bites you but does no damage.
The centaur hits you.
You hit the centaur but do no damage. The centaur hits you!
The adder skeleton bites you but does no damage.
You hit the centaur.
The centaur is poisoned.
The centaur is lightly wounded.
The centaur barely misses you. The adder skeleton bites you.
The centaur hits you.
You puncture the centaur!
The centaur looks as sick as possible!
The centaur is severely wounded.
The centaur hits you.
The adder skeleton bites you but does no damage.
The centaur hits you but does no damage.
The adder skeleton bites you but does no damage.
You hit the centaur.
The centaur looks as sick as possible!
The centaur is almost dead.
The centaur hits you but does no damage.
The adder skeleton bites you but does no damage.
The centaur hits you but does no damage.
You closely miss the centaur.
The centaur is almost dead.
You kill the centaur!
The adder skeleton bites you but does no damage.
The phantom blinks!
Found 6 gold pieces and a thin glowing staff.
Things that are here:
a +0 shortbow; 8 arrows The phantom hits you but does no damage.
The phantom blinks!
The adder skeleton bites you but does no damage.
Found a quarterstaff and a scale mail.
The phantom blinks!
Are you sure you want to abandon this character and quit the game? (Confirm with "yes".)

#.........$.# *
#...........# *
#...........#
#.....W.....#
#...........# ,*
#...........#
#|..........#
#..........Z####.#
...)......[..@....#
########.##########
#.# , * #.* * #. ,
, , * *


You could see a phantom and an adder skeleton.

Vanquished Creatures
  A hippogriff (D:7)
  Grum (D:8)
  4 orc warriors (Bailey)
  A black bear (D:6)
  3 centaurs
  4 wolves (D:8)
  An orc priest (D:7)
  2 orc wizards
  A worker ant (D:5)
  A howler monkey zombie (D:7)
  2 gnolls (Bailey)
  2 adders (D:7)
  13 orcs
  A giant cockroach (D:5)
  7 goblins
  3 hobgoblins (Bailey)
  11 kobolds (Bailey)
  A leopard gecko skeleton (D:6)
59 creatures vanquished.

Notes
Turn   | Place    | Note
-------+----------+-------------------------------------------
     0 | D:5      | EnegeticOcto the Deep Dwarf Delver began the quest for the
                  | Orb.
     0 | D:5      | Reached XP level 1. HP: 20/20 MP: 1/1
    94 | D:5      | Noticed an orc wizard
   107 | D:5      | Killed an orc wizard
   107 | D:5      | Reached skill level 4 in Axes
   107 | D:5      | Reached XP level 2. HP: 12/27 MP: 1/1
   107 | D:5      | Reached XP level 3. HP: 14/33 MP: 2/2
   219 | D:6      | Noticed a black bear
   230 | D:6      | Killed a black bear
   230 | D:6      | Reached skill level 5 in Axes
   230 | D:6      | Reached XP level 4. HP: 27/40 MP: 3/3
   230 | D:6      | Reached XP level 5. HP: 31/46 MP: 4/4
   274 | D:7      | Noticed a hippogriff
   277 | D:7      | Noticed a centaur
   278 | D:7      | Reached skill level 6 in Axes
   301 | D:7      | Killed a hippogriff
   301 | D:7      | Reached skill level 7 in Axes
   301 | D:7      | Reached XP level 6. HP: 35/55 MP: 4/4
   340 | D:7      | Reached skill level 8 in Axes
   363 | D:7      | Found a staircase to the Ecumenical Temple.
   372 | Temple   | Entered the Ecumenical Temple
   503 | Temple   | Became a worshipper of Ru the Awakened
   553 | D:7      | Reached XP level 7. HP: 39/61 MP: 4/6
   597 | D:7      | Found a flagged portal.
   604 | D:7      | Reached skill level 1 in Spellcasting
   624 | Bailey   | Entered a bailey
   785 | Bailey   | Reached skill level 9 in Axes
   908 | D:8      | Noticed Grum
   912 | D:8      | Reached XP level 8. HP: 45/68 MP: 6/6
   918 | D:8      | Reached skill level 10 in Axes
   919 | D:8      | Killed Grum
   971 | D:8      | Quit the game

Illustrated notes

Levels and vault maps discovered:
D:4:      layout_rooms, nicolae_qazlal_eye_of_the_storm
D:5:      layout_basic, small_statue_intersection
D:6:      layout_basic, tgw_trog, uniq_edmund
D:7:      minmay_evil_eye, layout_cave_pools, marbit_many_paths, minitemple,
          minmay_temple_entry_wispy, enter_bailey_3, tso_altar,
          uniq_crazy_yiuf_cottage
D:8:      layout_basic, kennysheep_small_spiral, minmay_manual_monstrance,
          uniq_grum, uniq_harold, uniq_gastronok
Temple:   minmay_temple_curvy_branch

Skill      XL: |  1  2  3  4  5  6  7  8 |
---------------+-------------------------+-----
Axes           | 4 5 7 8 9 10 | 10.7
Spellcasting   | 2 3 |  3.5
Fighting       | |  2.6
Dodging        | |  2.1
Stealth        | |  6.0

Action                   |  1- 3 |  4- 6 |  7- 9 || total
-------------------------+-------+-------+-------++-------
Melee: Hand axe          |    43 |       |       ||    43
       Flail             |    16 |    74 |    92 ||   182
       Morningstar       |       |       |    23 ||    23
Throw: Dart              |       |       |    13 ||    13
 Abil: Heal Wounds       |     6 |     6 |    13 ||    25
Evoke: Lightning rod     |       |       |     3 ||     3
  Use: Scroll            |     4 |       |       ||     4
       Potion            |       |       |     1 ||     1
Armor: Leather armour    |    11 |    17 |       ||    28
       Plate armour      |       |    42 |   133 ||   175
Dodge: Dodged            |    66 |    58 |    64 ||   188

Table legend: (Time is in decaauts)
 A = Elapsed time spent in this place.
 B = Non-inter-level travel time spent in this place.
 C = Inter-level travel time spent in this place.
 D = Time resting spent in this place.
 E = Time spent auto-exploring this place.
 F = Levels seen in this place.
 G = Mean time per level.
                   A        B        C        D        E       F      G
               +--------+--------+--------+--------+--------+-----+--------+
         Total |   1017 |    941 |     76 |      0 |      0 |   7 |  145.3 |
       Dungeon |    578 |    572 |      6 |      0 |      0 |   5 |  115.6 |
        Temple |    156 |     86 |     70 |      0 |      0 |   1 |  156.0 |
        Bailey |    282 |    282 |      0 |      0 |      0 |   1 |  282.0 |
               +--------+--------+--------+--------+--------+-----+--------+

Top non-repeatable levels by time:
  Bailey: 282 daAuts
     D:7: 242 daAuts
     D:5: 179 daAuts
  Temple: 156 daAuts
     D:8: 69 daAuts
     D:6: 68 daAuts
     D:4: 18 daAuts
